TOP OF THE 1ST |
Royse City Targaryens batting - Pitching for Tremont Doubledays : RHP Jeremy Hinkle
|
Pitching: RHP Jeremy Hinkle
|
|
Batting: SHB Vernon T. Waldrip
|
0-0: SINGLE (Line Drive, 9LS)
|
Batting: RHB Víctor Cuevas
|
0-0: Ball Vernon T. Waldrip steals 2nd base 1-0: Foul Ball, location: 2F 1-1: Ball 2-1: Fly out, F9 (Flyball, 9D) Runner from 2nd tags up, SAFE at 3rd, no throw
|
Batting: RHB Melvin Thomas
|
0-0: Called Strike 0-1: Ball 1-1: SINGLE (Line Drive, 8RS) Vernon T. Waldrip scores
|
Batting: LHB Joe Karnowski
|
0-0: Ball 1-0: Foul Ball, location: 2F 1-1: Foul Ball, location: 2F 1-2: Strikes out swinging
|
Batting: SHB Miguel Herrera
|
0-0: Ball 1-0: SINGLE (Groundball, 4D) Melvin Thomas to second Runner from 2nd tries for 3rd, SAFE, throw made to third
|
Batting: RHB David Elías
|
0-0: DOUBLE (Flyball, 3D) Melvin Thomas scores Miguel Herrera to third Runner from 3rd tries for Home, throw and OUT!
|
Top of the 1st over - 2 runs, 4 hits, 0 errors, 1 left on base; Royse City 2 - Tremont 0 |
BOTTOM OF THE 1ST |
Tremont Doubledays batting - Pitching for Royse City Targaryens : LHP Earl Farley
|
Pitching: LHP Earl Farley
|
|
Batting: RHB Jorge Rodríguez
|
0-0: Ball 1-0: Called Strike 1-1: Called Strike 1-2: Strikes out swinging
|
Batting: RHB Armaan Ebrahim
|
0-0: SINGLE (Groundball, 4) (infield hit)
|
Batting: RHB Domingo Morín
|
0-0: Called Strike Armaan Ebrahim steals 2nd base 0-1: Ball 1-1: Ball 2-1: Foul Ball, location: 2F 2-2: Foul Ball, location: 2F 2-2: Foul Ball, location: 2F 2-2: Foul Ball, location: 2F 2-2: Ball 3-2: Ground out 6-3 (Groundball, 6) Armaan Ebrahim to third
|
Batting: RHB Héctor Amaya
|
0-0: Swinging Strike 0-1: Ball 1-1: Ball 2-1: Swinging Strike 2-2: Ball 3-2: DOUBLE (Groundball, 5L) Armaan Ebrahim scores
|
Batting: LHB Jurg Ursin
|
0-0: Foul Ball, location: 2F 0-1: Ball 1-1: Called Strike 1-2: Foul Ball, location: 2F 1-2: Strikes out swinging
|
Bottom of the 1st over - 1 run, 2 hits, 0 errors, 1 left on base; Royse City 2 - Tremont 1 |
TOP OF THE 2ND |
Royse City Targaryens batting - Pitching for Tremont Doubledays : RHP Jeremy Hinkle
|
Batting: LHB Takahiro Suzuki
|
0-0: Bunted foul 0-1: Ball 1-1: Ball 2-1: Called Strike 2-2: Ball 3-2: Base on Balls
|
Batting: RHB Breanainn Swartwood
|
0-0: Foul Ball, location: 2F 0-1: Ball 1-1: Grounds into double play, 5-4-3 (Groundball, 56)
|
Batting: RHB IV Seacat
|
0-0: Foul Ball, location: 2F 0-1: Fly out, F7 (Line Drive, 7S)
|
Top of the 2nd over - 0 runs, 0 hits, 0 errors, 0 left on base; Royse City 2 - Tremont 1 |
BOTTOM OF THE 2ND |
Tremont Doubledays batting - Pitching for Royse City Targaryens : LHP Earl Farley
|
Batting: RHB Jeff Perkins
|
0-0: Swinging Strike 0-1: Ball 1-1: Foul Ball, location: 2F 1-2: Ball 2-2: Foul Ball, location: 2F 2-2: Strikes out swinging
|
Batting: LHB Travis Grigor
|
0-0: Ball 1-0: Swinging Strike 1-1: Ball 2-1: SINGLE (Flyball, 9LS)
|
Batting: RHB Elder Sarrano
|
0-0: Ball 1-0: Called Strike Travis Grigor is caught stealing 2nd base 1-1: Ground out 4-3 (Groundball, 4)
|
Bottom of the 2nd over - 0 runs, 1 hit, 0 errors, 0 left on base; Royse City 2 - Tremont 1 |
TOP OF THE 3RD |
Royse City Targaryens batting - Pitching for Tremont Doubledays : RHP Jeremy Hinkle
|
Batting: SHB Vernon T. Waldrip
|
0-0: Ground out 6-3 (Groundball, 6M)
|
Batting: RHB Víctor Cuevas
|
0-0: Ball 1-0: SINGLE (Groundball, 6D)
|
Batting: RHB Melvin Thomas
|
0-0: Ball 1-0: Ball 2-0: Ball 3-0: Called Strike 3-1: Grounds into double play, 4-6-3 (Groundball, 4)
|
Top of the 3rd over - 0 runs, 1 hit, 0 errors, 0 left on base; Royse City 2 - Tremont 1 |
BOTTOM OF THE 3RD |
Tremont Doubledays batting - Pitching for Royse City Targaryens : LHP Earl Farley
|
Batting: RHB Louis Teague
|
0-0: Foul Ball, location: 2F 0-1: Swinging Strike 0-2: Ball 1-2: Foul Ball, location: 2F 1-2: Ground out 5-3 (Groundball, 56)
|
Batting: RHB Jorge Rodríguez
|
0-0: Called Strike 0-1: Ball 1-1: Foul Ball, location: 2F 1-2: Ball 2-2: Foul Ball, location: 2F 2-2: Foul Ball, location: 2F 2-2: Foul Ball, location: 2F 2-2: Ball 3-2: Fly out, F9 (Flyball, 9LMF)
|
Batting: RHB Armaan Ebrahim
|
0-0: Ball 1-0: Ground out 4-3 (Groundball, 4S)
|
Bottom of the 3rd over - 0 runs, 0 hits, 0 errors, 0 left on base; Royse City 2 - Tremont 1 |
TOP OF THE 4TH |
Royse City Targaryens batting - Pitching for Tremont Doubledays : RHP Jeremy Hinkle
|
Batting: LHB Joe Karnowski
|
0-0: Fly out, F8 (Flyball, 89XD)
|
Now in CF: Sheldon Deshotels
|
|
Batting: SHB Miguel Herrera
|
0-0: Ball 1-0: TRIPLE (Flyball, 89XD)
|
Batting: RHB David Elías
|
0-0: Ball 1-0: Ball 2-0: Ball 3-0: Base on Balls
|
Batting: LHB Takahiro Suzuki
|
0-0: Swinging Strike 0-1: Ball 1-1: Ball 2-1: SINGLE (Groundball, 4MD) Miguel Herrera scores David Elías to second
|
Batting: RHB Breanainn Swartwood
|
0-0: Ball 1-0: Ball 2-0: SINGLE (Groundball, 6MD) David Elías to third Takahiro Suzuki to second
|
Batting: RHB IV Seacat
|
0-0: Foul Ball, location: 2F 0-1: Called Strike 0-2: Foul Ball, location: 2F 0-2: Ball 1-2: SINGLE (Flyball, 89S) David Elías scores Takahiro Suzuki to third Breanainn Swartwood to second
|
Batting: SHB Vernon T. Waldrip
|
0-0: Ball 1-0: Ball 2-0: Ball 3-0: Base on Balls Takahiro Suzuki scores Breanainn Swartwood to third IV Seacat to second
|
Batting: RHB Víctor Cuevas
|
0-0: Foul Ball, location: 2F 0-1: Ball 1-1: Fly out, F8 (Flyball, 8LD) Runner from 3rd tags up, SCORES, throw made
|
Batting: RHB Melvin Thomas
|
0-0: Ball 1-0: Called Strike 1-1: Ball 2-1: Ball 3-1: Base on Balls IV Seacat to third Vernon T. Waldrip to second
|
Batting: LHB Joe Karnowski
|
0-0: Ball 1-0: Called Strike 1-1: Foul Ball, location: 2F 1-2: Ground out 4-3 (Groundball, 4)
|
Top of the 4th over - 4 runs, 4 hits, 0 errors, 3 left on base; Royse City 6 - Tremont 1 |
BOTTOM OF THE 4TH |
Tremont Doubledays batting - Pitching for Royse City Targaryens : LHP Earl Farley
|
Batting: RHB Domingo Morín
|
0-0: Called Strike 0-1: Ball 1-1: Called Strike 1-2: Strikes out swinging
|
Batting: RHB Héctor Amaya
|
0-0: Called Strike 0-1: Fly out, F8 (Flyball, 8RM)
|
Batting: LHB Jurg Ursin
|
0-0: Ball 1-0: Fly out, F7 (Flyball, 7D)
|
Bottom of the 4th over - 0 runs, 0 hits, 0 errors, 0 left on base; Royse City 6 - Tremont 1 |
TOP OF THE 5TH |
Royse City Targaryens batting - Pitching for Tremont Doubledays : RHP Jeremy Hinkle
|
Batting: SHB Miguel Herrera
|
0-0: Ball 1-0: Swinging Strike 1-1: Foul Ball, location: 2F 1-2: Ball 2-2: SINGLE (Line Drive, 6MD)
|
Batting: RHB David Elías
|
0-0: Ball 1-0: Reached on error, E6 (Groundball, 6) Miguel Herrera to second
|
Batting: LHB Takahiro Suzuki
|
0-0: Ball 1-0: Sac Bunt - play at third, runner OUT! 1-5 David Elías to second
|
Batting: RHB Breanainn Swartwood
|
0-0: Ball 1-0: Fly out, F9 (Flyball, 89D)
|
Batting: RHB IV Seacat
|
0-0: Called Strike 0-1: Ball 1-1: Ball 2-1: Fly out, F8 (Flyball, 8RM)
|
Top of the 5th over - 0 runs, 1 hit, 1 error, 2 left on base; Royse City 6 - Tremont 1 |
BOTTOM OF THE 5TH |
Tremont Doubledays batting - Pitching for Royse City Targaryens : LHP Earl Farley
|
Batting: RHB Jeff Perkins
|
0-0: Ball 1-0: Called Strike 1-1: Foul Ball, location: 2F 1-2: Ball 2-2: Ball 3-2: Foul Ball, location: 2F 3-2: Base on Balls
|
Batting: RHB Sheldon Deshotels
|
0-0: Ball 1-0: Foul Ball, location: 2F 1-1: Fly out, F8 (Flyball, 8RD)
|
Batting: RHB Elder Sarrano
|
0-0: Ball 1-0: Ball 2-0: Foul Ball, location: 2F 2-1: Foul Ball, location: 2F 2-2: Strikes out swinging
|
Batting: RHB Louis Teague
|
0-0: Ball 1-0: Ball 2-0: Fielders Choice at 2nd, 6-4 (Groundball, 6)
|
Bottom of the 5th over - 0 runs, 0 hits, 0 errors, 1 left on base; Royse City 6 - Tremont 1 |
TOP OF THE 6TH |
Royse City Targaryens batting - Pitching for Tremont Doubledays : RHP Jeremy Hinkle
|
Pitching: RHP David Robinson
|
|
Batting: SHB Vernon T. Waldrip
|
0-0: Ball 1-0: Ground out U3 (Groundball, 34S)
|
Pitching: RHP Lonnie Zavala
|
|
Batting: RHB Víctor Cuevas
|
0-0: Ball 1-0: Ball 2-0: Ball 3-0: Called Strike 3-1: Fly out, F9 (Flyball, 9)
|
Batting: RHB Melvin Thomas
|
0-0: TRIPLE (Flyball, 78XD)
|
Batting: LHB Joe Karnowski
|
0-0: Ball 1-0: Ball 2-0: Ball 3-0: Called Strike 3-1: Swinging Strike 3-2: 2-RUN HOME RUN (Flyball, 9LD), Distance : 371 ft
|
Batting: SHB Miguel Herrera
|
0-0: Ball 1-0: Swinging Strike 1-1: Foul Ball, location: 2F 1-2: Ball 2-2: Ball 3-2: DOUBLE (Flyball, 78D)
|
Batting: RHB David Elías
|
0-0: Called Strike 0-1: Foul Ball, location: 2F 0-2: Fly out, F7 (Flyball, 78D)
|
Top of the 6th over - 2 runs, 3 hits, 0 errors, 1 left on base; Royse City 8 - Tremont 1 |
BOTTOM OF THE 6TH |
Tremont Doubledays batting - Pitching for Royse City Targaryens : LHP Earl Farley
|
Batting: RHB Jorge Rodríguez
|
0-0: Called Strike 0-1: Swinging Strike 0-2: Foul Ball, location: 2F 0-2: Ball 1-2: Ground out 6-3 (Groundball, 6MS)
|
Batting: RHB Armaan Ebrahim
|
0-0: Foul Ball, location: 2F 0-1: Swinging Strike 0-2: Ball 1-2: Ball 2-2: Foul Ball, location: 2F 2-2: Ball 3-2: Hit by Pitch
|
Batting: RHB Domingo Morín
|
0-0: Ball 1-0: Fly out, F7 (Flyball, 78D)
|
Batting: RHB Héctor Amaya
|
0-0: Fly out, F8 (Flyball, 8RD)
|
Bottom of the 6th over - 0 runs, 0 hits, 0 errors, 1 left on base; Royse City 8 - Tremont 1 |
TOP OF THE 7TH |
Royse City Targaryens batting - Pitching for Tremont Doubledays : RHP Lonnie Zavala
|
Batting: LHB Takahiro Suzuki
|
0-0: Called Strike 0-1: Ball 1-1: Called Strike 1-2: Ball 2-2: Ground out U3 (Groundball, 3L)
|
Batting: RHB Breanainn Swartwood
|
0-0: Called Strike 0-1: Ball 1-1: Fly out, F8 (Line Drive, 8RM)
|
Batting: RHB IV Seacat
|
0-0: Called Strike 0-1: Called Strike 0-2: Ground out 6-3 (Groundball, 6)
|
Top of the 7th over - 0 runs, 0 hits, 0 errors, 0 left on base; Royse City 8 - Tremont 1 |
BOTTOM OF THE 7TH |
Tremont Doubledays batting - Pitching for Royse City Targaryens : LHP Earl Farley
|
Batting: LHB Jurg Ursin
|
0-0: Called Strike 0-1: Foul Ball, location: 2F 0-2: Ground out 4-3 (Groundball, 4)
|
Batting: RHB Jeff Perkins
|
0-0: Foul Ball, location: 2F 0-1: Ball 1-1: Ball 2-1: Fly out, F9 (Flyball, 89S)
|
Batting: RHB Sheldon Deshotels
|
0-0: Ball 1-0: Ball 2-0: Foul Ball, location: 2F 2-1: Ball 3-1: Fly out, F9 (Flyball, 89M)
|
Bottom of the 7th over - 0 runs, 0 hits, 0 errors, 0 left on base; Royse City 8 - Tremont 1 |
TOP OF THE 8TH |
Royse City Targaryens batting - Pitching for Tremont Doubledays : RHP Lonnie Zavala
|
Batting: SHB Vernon T. Waldrip
|
0-0: Ground out U3 (Groundball, 34)
|
Batting: RHB Víctor Cuevas
|
0-0: Called Strike 0-1: Ball 1-1: Foul Ball, location: 2F 1-2: Ground out 6-3 (Groundball, 6)
|
Batting: RHB Melvin Thomas
|
0-0: Ball 1-0: Ball 2-0: Ball 3-0: Base on Balls
|
Batting: LHB Joe Karnowski
|
0-0: Foul Ball, location: 2F 0-1: Called Strike Melvin Thomas steals 2nd base 0-2: Fly out, F9 (Flyball, 9S)
|
Top of the 8th over - 0 runs, 0 hits, 0 errors, 1 left on base; Royse City 8 - Tremont 1 |
BOTTOM OF THE 8TH |
Tremont Doubledays batting - Pitching for Royse City Targaryens : RHP Pak Dong Hyeon
|
Pitching: RHP Pak Dong Hyeon
|
|
Batting: RHB Elder Sarrano
|
0-0: Foul Ball, location: 2F 0-1: Ball 1-1: Ball 2-1: Foul Ball, location: 2F 2-2: Foul Ball, location: 2F 2-2: Foul Ball, location: 2F 2-2: Strikes out swinging
|
Batting: RHB Louis Teague
|
0-0: Ground out 4-3 (Groundball, 4D)
|
Batting: RHB Jorge Rodríguez
|
0-0: Called Strike 0-1: Ball 1-1: Called Strike 1-2: DOUBLE (Line Drive, 7LM)
|
Batting: RHB Armaan Ebrahim
|
0-0: Called Strike 0-1: Called Strike 0-2: Ball 1-2: Ground out 5-3 (Groundball, 5)
|
Bottom of the 8th over - 0 runs, 1 hit, 0 errors, 1 left on base; Royse City 8 - Tremont 1 |
TOP OF THE 9TH |
Royse City Targaryens batting - Pitching for Tremont Doubledays : RHP Lonnie Zavala
|
Pitching: RHP Rod Shannon
|
|
Batting: SHB Miguel Herrera
|
0-0: Ball 1-0: SINGLE (Groundball, 4S) (infield hit)
|
Batting: RHB David Elías
|
0-0: Fly out, F7 (Flyball, 78M)
|
Batting: LHB Takahiro Suzuki
|
0-0: Called Strike 0-1: Called Strike 0-2: SINGLE (Groundball, 56D) Miguel Herrera to second
|
Batting: RHB Breanainn Swartwood
|
0-0: Fielders Choice at 2nd, 6-4 (Groundball, 56D) Miguel Herrera to third
|
Batting: RHB IV Seacat
|
0-0: Called Strike 0-1: Fly out, F9 (Flyball, 9S)
|
Top of the 9th over - 0 runs, 2 hits, 0 errors, 2 left on base; Royse City 8 - Tremont 1 |
BOTTOM OF THE 9TH |
Tremont Doubledays batting - Pitching for Royse City Targaryens : RHP Pak Dong Hyeon
|
Batting: RHB Domingo Morín
|
0-0: Ground out 5-3 (Groundball, 56)
|
Batting: RHB Héctor Amaya
|
0-0: Called Strike 0-1: Reached on error, E4 (Groundball, 4D)
|
Batting: LHB Jurg Ursin
|
0-0: Ball 1-0: Foul Ball, location: 2F 1-1: Ball 2-1: Ball 3-1: Called Strike 3-2: Base on Balls Héctor Amaya to second
|
Batting: RHB Jeff Perkins
|
0-0: Called Strike 0-1: Fly out, F7 (Flyball, 7)
|
Batting: RHB Sheldon Deshotels
|
0-0: Called Strike 0-1: SINGLE (Groundball, 3S) (infield hit) Héctor Amaya to third Jurg Ursin to second
|
Batting: RHB Elder Sarrano
|
0-0: Foul Ball, location: 2F 0-1: Ball 1-1: Ball 2-1: Ground out U3 (Groundball, 34)
|
Bottom of the 9th over - 0 runs, 1 hit, 1 error, 3 left on base; Royse City 8 - Tremont 1 |
|